 Dungeon Crawl Stone Soup version 0.31.0-2-g5a2aebc5c2 (webtiles) character file.

Game seed: 3549111779114043231

367 Arctor the Shooter (level 7, -1/40 HPs)
             Began as a Kobold Hexslinger on Jan 20, 2024.
             Killed from afar by an orc wizard (8 damage)
             ... with a puff of flame
             ... on level 4 of the Dungeon.
             The game lasted 00:03:00 (3082 turns).

Arctor the Shooter (Kobold Hexslinger)              Turns: 3082, Time: 00:03:00

Health: -1/40      AC:  2    Str:  5    XL:     7   Next: 1%
Magic:  10/10      EV: 15    Int: 15    God:
Gold:   189        SH:  9    Dex: 19    Spells: 11/11 levels left

rFire   . . .        f - +2 dagger (venom)
rCold   . . .        w - +0 buckler
rNeg    . . .        c - +0 robe
rPois   .            (no helmet)
rElec   .            (no cloak)
rCorr   .            (no gloves)
SInv    .            (no boots)
Will    .....        e - amulet of reflection
Stlth   +++          (no ring)
HPRegen 0.26/turn    (no ring)
MPRegen 0.12/turn

%: reflection
@: no status effects
A: small, no large weapons, nightstalker 3
a: no special abilities


You were on level 4 of the Dungeon.
You visited 1 branch of the dungeon, and saw 4 of its levels.

You collected 189 gold pieces.

Inventory:

Hand Weapons
 a - a +1 sling
 f - a +2 dagger of venom (weapon)
Armour
 c - a +0 robe (worn)
 w - a +0 buckler (worn)
Jewellery
 e - an amulet of reflection (around neck)
 l - an amulet of magic regeneration
 A - the Hermit's Pendant {Faith Invo=14 Evo=0 MP+5}
   (You found it on level 3 of the Dungeon)

   [amulet of faith]

   Invo=14: It sets your Invocations skill to 14.
   Evo=0: It sets your Evocations skill to 0.
   Faith:     It allows you to gain divine favour quickly.
   MP+5:      It affects your magic capacity (+5).
Talismans
 m - a maw talisman
Wands
 y - a wand of polymorph (10)
Scrolls
 b - 2 scrolls of poison
 g - a scroll of noise {unknown}
 j - 3 scrolls of fear {unknown}
 o - 8 scrolls of identify {unknown}
 p - 3 scrolls of immolation {unknown}
 q - a scroll of summoning {unknown}
 s - a scroll of torment {unknown}
 v - a scroll of fog {unknown}
 x - a scroll of blinking {unknown}
Potions
 d - a potion of enlightenment {unknown}
 h - 2 potions of curing {unknown}
 i - a potion of attraction {unknown}
 k - a potion of ambrosia {unknown}
 n - a potion of might {unknown}
 r - a potion of heal wounds {unknown}
 t - a potion of lignification {unknown}
 u - a potion of brilliance {unknown}
 z - a potion of resistance {unknown}


   Skills:
 + Level 2.7 Fighting
 + Level 4.2 Ranged Weapons
 + Level 3.7 Dodging
 + Level 2.5 Spellcasting
 + Level 3.8 Hexes
 - Level 1.2 Fire Magic
 * Level 2.8 Shapeshifting


You had 11 spell levels left.
You didn't know any spells.
Your spell library contained the following spells:

 Spells                   Type           Power      Damage    Failure   Level
 Jinxbite                 Hex            26%        N/A       12%         2
 Sigil of Binding         Hex            13%        N/A       24%         3
 Inner Flame              Hex/Fire       9%         N/A       38%         3
 Cigotuvi's Dreadful Rot  Necr/Alch/Air  2%         N/A       52%         2
 Cause Fear               Hex            6%         N/A       63%         4
 Vampiric Draining        Necr           1%         2d6       77%         3
 Anguish                  Hex/Necr       3%         N/A       87%         4
 Dimensional Bullseye     Hex/Tloc       3%         N/A       87%         4


Dungeon Overview and Level Annotations

Branches:
Dungeon (4/15)
 Temple: D:4-7

Altars:
Dithmenos
Kikubaaqudgha
Nemelex Xobeh
Sif Muna
Vehumet
The Shining One


Innate Abilities, Weirdness & Mutations

You are small and have problems with some larger weapons.
You are completely attuned to the shadows.


Message History

The orc priest looks as sick as possible!
The orc priest is almost dead.
You kill the orc priest!
You block the hound's attack. The orc hits you with a +0 club.
* * * LOW HITPOINT WARNING * * *
The hound closely misses you.
You hit the hound.
The hound looks as sick as possible!
The hound is severely wounded.
You block the hound's attack. x2
You hit the hound.
You kill the hound!
You have reached level 7!
You closely miss the orc. You block the orc's attack.
The orc attacks as it pursues you! You block the orc's attack.
You hit the orc.
The orc is poisoned.
The orc is moderately wounded.
You block the orc's attack.
You barely miss the orc.
The orc is moderately wounded.
A quokka comes into view.
The orc hits you with a +0 club.
* * * LOW HITPOINT WARNING * * *
The orc attacks as it pursues you! The orc hits you with a +0 club.
* * * LOW HITPOINT WARNING * * *
You barely miss the orc.
The orc is severely wounded.
The orc hits you with a +0 club.
* * * LOW HITPOINT WARNING * * *
You hit the orc but do no damage.
The orc looks even sicker.
The orc is severely wounded.
You hit something. You block the orc's attack. Something hits you.
* * * LOW HITPOINT WARNING * * *
You completely miss something.
You kill the orc!
You block something's attack.
You hit something.
You hear some strange, mumbled words.
A puff of flame appears from out of thin air!
The puff of flame hits you!
You die...

#######.#
#.......###...
#.............
####.............
######....####........
...........####$......)
........##.r..†........
#.....{########/...?...
#....)@# #........
#......# #.###.###
##......# ..# .#
##.......# .........#
#. #......## #..
######..##..# ##....#
##...#


There were no monsters in sight!

Vanquished Creatures
  A black bear (D:4)
  A scorpion (D:4)
  A bombardier beetle (D:3)
  2 hounds
  An orc priest (D:4)
  3 adders
  4 dart slugs
  A ribbon worm (D:2)
  An orc (D:4)
  4 ball pythons
  3 bats
  5 endoplasms
  2 giant cockroaches (D:1)
  6 goblins
  5 hobgoblins
  4 jackals (D:2)
  2 quokkas
  A frilled lizard (D:2)
  5 kobolds
  7 rats
59 creatures vanquished.

Notes
Turn   | Place    | Note
-------+----------+-------------------------------------------
     0 | D:1      | Arctor the Kobold Hexslinger began the quest for the Orb.
     0 | D:1      | Reached XP level 1. HP: 12/12 MP: 2/2
    97 | D:1      | Reached XP level 2. HP: 16/16 MP: 3/3
   415 | D:1      | Reached skill level 3 in Ranged Weapons
   423 | D:1      | Reached XP level 3. HP: 4/20 MP: 5/5
   742 | D:2      | Got the Textbook on the Mausoleum
   927 | D:2      | Reached skill level 1 in Shapeshifting
  1230 | D:2      | Reached XP level 4. HP: 16/25 MP: 6/6
  1298 | D:2      | Found a glowing golden altar of the Shining One.
  1790 | D:3      | Found a radiant altar of Vehumet.
  1792 | D:3      | Found a shimmering blue altar of Sif Muna.
  1796 | D:3      | Found a sparkling altar of Nemelex Xobeh.
  1798 | D:3      | Found a glowing golden altar of the Shining One.
  2006 | D:3      | Found an ancient bone altar of Kikubaaqudgha.
  2006 | D:3      | Found a shadowy altar of Dithmenos.
  2214 | D:3      | Identified the +0 dagger of Dissolution {flame, rPois Str-3
                  | Dex+3}
  2256 | D:3      | Reached XP level 5. HP: 25/30 MP: 6/8
  2574 | D:3      | Found a faded altar of an unknown god.
  2574 | D:3      | Found the Hermit's Pendant {Faith Invo=14 Evo=0 MP+5}
  3005 | D:4      | Noticed a black bear
  3014 | D:4      | Killed a black bear
  3015 | D:4      | Reached skill level 4 in Ranged Weapons
  3015 | D:4      | Reached XP level 6. HP: 34/36 MP: 9/9
  3067 | D:4      | Reached XP level 7. HP: 11/40 MP: 10/10
  3082 | D:4      | Killed from afar by an orc wizard

Illustrated notes

Levels and vault maps discovered:
D:1:      wander_arrival_lonely_grave, layout_basic
D:2:      layout_loops_corners, basic_altar, grunt_decor_clamped
D:3:      layout_loops_corners, minitemple, gammafunk_temple_overflow_statue,
          kennysheep_decorative_pillar, nicolae_concentric_dashed_squares_mild,
          hellmonk_guarded_unrand_hermit
D:4:      layout_rooms, minmay_temple_entry_drinking_statues

Skill      XL: |  1  2  3  4  5 |
---------------+----------------+-----
Ranged Weapons | 3 4 |  4.2
Shapeshifting  | 1 2 |  2.8
Dodging        | 3 |  3.7
Spellcasting   | 2 |  2.5
Fighting       | 2 |  2.7
Hexes          | |  3.8
Fire Magic     | |  1.2

Action                     |  1- 3 |  4- 6 |  7- 9 || total
---------------------------+-------+-------+-------++-------
  Melee: Dagger            |    55 |    74 |     8 ||   137
   Fire: Sling             |    12 |       |       ||    12
   Stab: Sleeping          |     9 |    14 |       ||    23
         Distracted        |     1 |       |       ||     1
 Armour: Robe              |    15 |    18 |     5 ||    38
  Dodge: Dodged            |    26 |    52 |       ||    78
  Block: Other             |     9 |     6 |       ||    15
         Buckler           |       |    20 |     5 ||    25
